 Dungeon Crawl Stone Soup version 0.25-a0-404-gc1b5a34292 (webtiles) character file.

Game seed: 13645805292533924669, levelgen mode: deterministic

15590 Gargoyl the Agent of Entropy (level 12, -4/97 HPs)
             Began as a Centaur Abyssal Knight on Jan 8, 2020.
             Was a Priest of Lugonu.
             Slain by a komodo dragon (20 damage)
             ... on level 2 of the Lair of Beasts on Jan 10, 2020.
             The game lasted 00:26:14 (17756 turns).

Gargoyl the Agent of Entropy (CeAK)                Turns: 17756, Time: 00:26:15

Health: -4/97      AC: 14    Str: 19    XL:     12   Next: 2%
Magic:  19/19      EV: 11    Int: 11    God:    Lugonu [***...]
Gold:   644        SH: 10    Dex: 18    Spells: 11/11 levels left

rFire    + . .     SeeInvis .   a - +4 hand axe
rCold    . . .     Gourm    .   e - +1 buckler of Joy {Dex+4}
rNeg     + . .     Faith    .   s - +3 ring mail {rN+}
rPois    .         Spirit   .   q - +1 helmet
rElec    .         Reflect  +   (no cloak)
rCorr    .         Harm     .   D - +0 pair of gloves
MR       .....                  (no barding)
Stlth    +.........             d - +3 amulet of reflection
HPRegen  0.26/turn              g - ring of protection from fire
MPRegen  0.16/turn              G - +4 ring of dexterity

@: lethally poisoned (-4 -> -4), very quick
A: large, hooves 3, deformed body, speed 2, tough skin 3
a: Depart the Abyss, Bend Space, Banish, Renounce Religion


You were on level 2 of the Lair of Beasts.
You worshipped Lugonu.
Lugonu was most pleased with you.
You were hungry.

You visited 2 branches of the dungeon, and saw 13 of its levels.
You visited the Abyss 1 time.
You also visited: Sewer.

You collected 644 gold pieces.

Inventory:

Hand Weapons
 a - a +4 hand axe (weapon)
 E - a +3 hand axe
Missiles
 r - 7 boomerangs (quivered)
Armour
 e - the +1 buckler of Joy (worn) {Dex+4}
   (You found it on level 2 of the Abyss)

   It affects your dexterity (+4).
 q - a +1 helmet (worn)
 s - a +3 ring mail of positive energy (worn)
 D - a +0 pair of gloves (worn)
Jewellery
 d - a +3 amulet of reflection (around neck)
 g - a ring of protection from fire (left hand)
 G - a +4 ring of dexterity (right hand)
Wands
 k - a wand of digging (4)
 x - a wand of disintegration (13)
 y - a wand of paralysis (11)
 A - a wand of acid (11)
 F - a wand of enslavement (9)
Scrolls
 h - a scroll of fog
 j - a scroll of brand weapon {unknown}
 m - 2 scrolls of fear
 p - 3 scrolls of blinking
 v - 3 scrolls of magic mapping
 w - 2 scrolls of identify
Potions
 b - 2 potions of brilliance
 f - 4 potions of lignification
 i - 2 potions of haste
 l - a potion of magic
 n - a potion of resistance
 t - a potion of flight
 z - a potion of agility
 B - a potion of heal wounds
 C - a potion of ambrosia
Miscellaneous
 o - a lightning rod (4/4)
Comestibles
 c - 20 rations


   Skills:
 + Level 6.6 Fighting
 + Level 8.5 Axes
 + Level 1.4 Throwing
 * Level 8.0 Armour
 + Level 3.4 Dodging
 * Level 6.4 Shields
 * Level 9.6 Invocations
 + Level 1.1 Evocations


You had 11 spell levels left.
You didn't know any spells.
Your spell library contained the following spells:

 Spells                   Type           Power        Failure   Level  Hunger
 Beastly Appendage        Tmut           #.....       50%         1    ##.....
 Corona                   Hex            #......      50%         1    ##.....
 Summon Small Mammal      Summ           #...         50%         1    ##.....
 Slow                     Hex            #.......     63%         2    ###....
 Sticks to Snakes         Tmut           #.......     63%         2    ###....
 Sublimation of Blood     Necr           #.........   63%         2    ###....
 Call Canine Familiar     Summ           #.......     86%         3    ####...
 Ignite Poison            Fire/Tmut/Pois #.......     86%         3    ####...
 Inner Flame              Hex/Fire       #.......     86%         3    ####...
 Portal Projectile        Hex/Tloc       #.....       86%         3    ####...
 Spider Form              Tmut/Pois      #.........   86%         3    ####...
 Cause Fear               Hex            #.........   99%         4    #####..
 Ice Form                 Ice/Tmut       #.......     99%         4    #####..
 Leda's Liquefaction      Hex/Erth       #.........   99%         4    #####..
 Petrify                  Tmut/Erth      #.......     99%         4    #####..
 Alistair's Intoxication  Tmut/Pois      #.......     100%        5    ######.
 Blade Hands              Tmut           #.........   100%        5    ######.
 Irradiate                Conj/Tmut      #.........   100%        5    ######.
 Eringya's Noxious Bog    Tmut/Pois      #.........   100%        6    #######


Dungeon Overview and Level Annotations

Branches:
Dungeon (11/15)            Temple (0/1) D:7            Lair (2/6) D:8
    Orc (0/2) D:10          Sewer (visited)
  Swamp: Lair:2-4    Shoals: Lair:2-4     Snake: Lair:2-4    Spider: Lair:2-4

Altars:
Cheibriados
Elyvilon
Fedhas
Sif Muna
Trog
Uskayaw
Wu Jian
Xom

Shops:
D:10 ?(:

Annotations:
Lair:1 exclusion: oklob plant


Innate Abilities, Weirdness & Mutations

You have hooves in place of feet.
Armour fits poorly on your strangely shaped body.
You cover ground very quickly.
You have extremely tough skin. (AC +3)


Message History

Moving in this stuff is going to be slow.
You feel sick.
You feel sick.
You feel sick.
You feel sick.
You start resting.
You feel sick. x2
A komodo dragon comes into view.
The komodo dragon bites you!!
You barely miss the komodo dragon.
You feel sick. The komodo dragon bites you!!
* * * LOW HITPOINT WARNING * * *
You hit the komodo dragon.
The komodo dragon is lightly wounded.
The komodo dragon bites you!
* * * LOW HITPOINT WARNING * * *
You completely miss the komodo dragon.
You kick the komodo dragon, but do no damage.
The komodo dragon is lightly wounded.
The komodo dragon bites you!!
You die...

...............## ...#
...............# ....#
...............## ...#
................##...###
...≈≈≈≈≈≈≈......=.......
..≈≈≈≈≈≈≈≈≈.............
.≈≈≈#####≈≈≈........P.#P
.≈≈# ##≈≈##P†..#####
#≈≈≈...@l#
#≈≈............
#≈≈............
#≈≈.[..........
#≈≈≈.###.#####.# ≈≈≈≈..#
### # .≈≈≈..## .....##


You could see a komodo dragon.

Vanquished Creatures
  Josephine (D:10)
  A centaur warrior (D:11)
  Pikel (D:4)
  A centaur zombie (D:9)
  2 gargoyles
  A water nymph (D:11)
  2 spiny frogs (Lair:1)
  A wind drake (D:9)
  A hippogriff (D:10)
  A hippogriff (shapeshifter) (D:11)
  5 wraiths (D:10)
  3 wyverns
  Eustachio (D:4)
  11 yaks
  A human (D:8)
  Grum (D:9)
  A steam dragon (D:9)
  3 water moccasins
  3 sky beasts
  5 ice beasts
  An orc warrior (D:11)
  A phantom (D:10)
  A black bear (D:11)
  4 wolves (D:8)
  An ogre (D:8)
  5 centaurs
  A crocodile (Lair:1)
  A big kobold (D:11)
  9 bullfrogs
  A wyvern skeleton (D:11)
  5 scorpions
  11 killer bees
  6 wights
  4 howler monkeys
  An electric eel (Lair:2)
  4 crimson imps
  6 hounds
  A bullfrog zombie (D:5)
  A quasit (D:10)
  2 orc priests
  A bullfrog skeleton (D:11)
  A centaur skeleton (D:11)
  7 orc wizards
  Ijyb (D:5)
  2 iguanas
  7 worker ants
  A worker ant zombie (D:11)
  20 adders
  A river rat (D:3)
  4 shadow imps
  11 oozes
  An adder zombie (D:9)
  An adder skeleton (D:5)
  2 worms
  4 dart slugs
  19 leopard geckos
  22 orcs
  12 giant cockroaches
  3 goblins
  8 hobgoblins
  6 jackals
  4 quokkas
  17 ball pythons
  7 bats
  12 frilled lizards
  6 kobolds
  A leopard gecko zombie (D:7)
  A quokka skeleton (D:8)
  15 rats
  A plant (D:8)
310 creatures vanquished.

Vanquished Creatures (others)
  3 hydras (D:11)
  2 unseen horrors (D:11)
  An ugly thing (D:11)
  A cyclops (D:11)
  The ghost of Elizilla the Cudgeler, a novice FoFi (D:4)
  A gargoyle (D:11)
  A hornet (D:9)
  2 orc warriors
  A centaur (D:5)
  A killer bee (D:11)
  2 oklob saplings (D:8)
  An orc wizard (D:11)
  2 plants (D:8)
19 creatures vanquished.

Grand Total: 329 creatures vanquished

Notes
Turn   | Place    | Note
-------+----------+-------------------------------------------
     0 | Abyss:1  | Gargoyl the Centaur Abyssal Knight began the quest for the
                  | Orb.
     0 | Abyss:1  | Reached XP level 1. HP: 19/19 MP: 2/2
    32 | Abyss:1  | Found a shadowy altar of Dithmenos.
    42 | Abyss:2  | Noticed a spiny frog
    52 | Abyss:2  | Got a polished buckler
    52 | Abyss:2  | Noticed a polar bear
    52 | Abyss:2  | a spiny frog changed into a polar bear
    59 | Abyss:2  | Noticed a small abomination
    60 | D:1      | Escaped the Abyss
    66 | D:1      | Identified the +1 buckler of Joy {Dex+4} (You found it on
                  | level 2 of the Abyss)
   154 | D:1      | Reached * piety under Lugonu
   224 | D:1      | Reached XP level 2. HP: 20/26 MP: 3/3
   894 | D:2      | Reached XP level 3. HP: 28/31 MP: 4/4
  1240 | D:2      | Noticed an ice beast
  1254 | D:2      | Reached XP level 4. HP: 30/38 MP: 6/6
  1281 | D:2      | Killed an ice beast
  1281 | D:2      | Reached skill level 1 in Dodging
  1281 | D:2      | Reached skill level 1 in Shields
  1281 | D:2      | Reached skill level 3 in Invocations
  1281 | D:2      | Reached XP level 5. HP: 32/46 MP: 7/7
  1874 | D:2      | Found a blossoming altar of Fedhas.
  1874 | D:2      | Found a shimmering blue altar of Sif Muna.
  2010 | D:3      | Found a glowing drain.
  2014 | D:3      | Reached ** piety under Lugonu
  2060 | Sewer    | Entered a sewer
  2368 | Sewer    | Reached XP level 6. HP: 49/52 MP: 8/8
  2405 | Sewer    | Reached *** piety under Lugonu
  3122 | D:3      | Found a snail-covered altar of Cheibriados.
  3173 | D:3      | Found a bloodstained altar of Trog.
  3254 | D:4      | Reached XP level 7. HP: 24/59 MP: 9/9
  3419 | D:4      | Reached skill level 4 in Invocations
  3423 | D:4      | Reached **** piety under Lugonu
  3483 | D:4      | Upgraded the game from 0.25-a0-398-g1920f1ac21 to
                  | 0.25-a0-403-g49d089a364
  3604 | D:4      | Found a transporter.
  3611 | D:4      | Found a transporter.
  3611 | D:4      | Noticed Elizilla's ghost (novice FoFi)
  3815 | D:4      | Banished Elizilla's ghost
  4361 | D:4      | Noticed Eustachio
  4403 | D:4      | Killed Eustachio
  4772 | D:5      | Entered Level 5 of the Dungeon
  4772 | D:5      | Noticed Pikel
  5052 | D:4      | Killed Pikel
  5052 | D:4      | Reached skill level 5 in Axes
  5052 | D:4      | Reached skill level 5 in Invocations
  5052 | D:4      | Reached XP level 8. HP: 27/67 MP: 11/11
  5555 | D:5      | Found a shimmering altar of Xom.
  5598 | D:5      | Found an ornate altar of the Wu Jian Council.
  5707 | D:5      | Noticed Ijyb
  5716 | D:5      | Killed Ijyb
  5777 | D:5      | Reached skill level 5 in Fighting
  6570 | D:5      | Reached XP level 9. HP: 64/74 MP: 13/13
  7900 | D:7      | Reached skill level 6 in Invocations
  8217 | D:7      | Found a staircase to the Ecumenical Temple.
  8481 | D:8      | Found a white marble altar of Elyvilon.
  8509 | D:8      | Noticed a +0 hand axe
  8509 | D:8      | Noticed a -1 dagger
  8512 | D:8      | Found a hide-covered altar of Uskayaw.
  8613 | D:8      | Reached skill level 5 in Armour
  8642 | D:8      | Found a staircase to the Lair.
  8740 | D:8      | Noticed a troll
  8771 | D:8      | a troll changed into a human
  9551 | D:8      | Found a blossoming altar of Fedhas.
  9930 | D:8      | Identified Nubiss's Handbook of Nature
 10007 | D:9      | Noticed Grum
 10102 | D:8      | Reached XP level 10. HP: 49/81 MP: 13/15
 10327 | D:9      | Killed Grum
 10634 | D:9      | Paralysed by a hornet for 3 turns
 11262 | D:9      | Reached skill level 7 in Invocations
 11648 | Lair:1   | Entered Level 1 of the Lair of Beasts
 11718 | D:10     | Entered Level 10 of the Dungeon
 11773 | D:10     | Found a staircase to the Orcish Mines.
 11837 | D:10     | Noticed Josephine
 11853 | D:10     | Killed Josephine
 11853 | D:10     | Reached skill level 5 in Shields
 12179 | D:10     | Found Lippuos's Weapon Shoppe.
 12274 | D:10     | Found Neatzis's Book Emporium.
 12369 | D:10     | Noticed a gargoyle
 12387 | D:10     | Killed a gargoyle
 12639 | D:10     | Found Laskir's Magic Scroll Shoppe.
 12686 | D:10     | Reached skill level 1 in Throwing
 13008 | D:10     | Reached XP level 11. HP: 71/89 MP: 16/16
 13581 | D:11     | Noticed a four-headed hydra
 13590 | D:11     | Banished a four-headed hydra
 13866 | D:11     | Banished an unseen horror
 13914 | D:11     | Noticed a cyan ugly thing
 13914 | D:11     | Noticed a seven-headed hydra
 13916 | D:11     | Banished a seven-headed hydra
 13916 | D:11     | Reached skill level 8 in Invocations
 13938 | D:11     | Banished a cyan ugly thing
 14621 | D:11     | Noticed an eight-headed hydra
 14624 | D:11     | Banished an eight-headed hydra
 14738 | D:11     | Noticed a centaur warrior
 14909 | D:11     | Killed a centaur warrior
 14909 | D:11     | Reached skill level 9 in Invocations
 15187 | D:11     | Found the +8 demon blade "Bloodbane" {slice, *Rage +Rage
                  | Stlth-}
 15194 | D:11     | Noticed a tengu warrior
 15202 | D:11     | a tengu warrior changed into a water nymph
 15232 | D:11     | Reached skill level 1 in Evocations
 15647 | D:11     | Banished an unseen horror
 16232 | D:11     | Got a warped robe
 16243 | D:11     | Identified the +0 robe "Guphamy" {rF+ rC+ rN++ Int-2 Dex+2}
                  | (You found it on level 11 of the Dungeon)
 16780 | Lair:1   | Found a blossoming altar of Fedhas.
 16792 | Lair:1   | Noticed an oklob plant
 17316 | Lair:1   | Reached XP level 12. HP: 77/97 MP: 19/19
 17618 | Lair:2   | Upgraded the game from 0.25-a0-403-g49d089a364 to
                  | 0.25-a0-404-gc1b5a34292
 17756 | Lair:2   | Slain by a komodo dragon

Levels and vault maps discovered:
D:1:      dpeg_arrival_tiny_c, layout_basic
D:2:      layout_loops_ring, gammafunk_temple_overflow_wave, first_ration
D:3:      layout_rooms, kennysheep_slug_shrine, lightli_temple_of_fire,
          portal_sewer_entry_b
D:4:      layout_rooms, gammafunk_ghost_arena, uniq_eustachio
D:5:      layout_cave_pods, gammafunk_temple_overflow_statue, uniq_ijyb,
          uniq_pikel
D:6:      layout_basic
D:7:      layout_basic, minmay_temple_entry_trees
D:8:      layout_loops_ring, dancing_weapons_uskayaw, lemuel_round_altar,
          lair_entry_dummy, minivault_19, introduction_to_nature_2
D:9:      layout_cave_pools, uniq_grum
D:10:     minmay_evil_eye, layout_basic, serial_shops, shop,
          nicolae_shop_crystal, kennysheep_little_box, uniq_josephine
D:11:     minmay_the_grid_4x2 [minmay_the_grid_doors, minmay_the_grid_odd_star,
          minmay_the_grid_square_x, minmay_the_grid_paths,
          minmay_the_grid_embedded, minmay_the_grid_tiny_cups,
          minmay_the_grid_fan, minmay_the_grid_prize_trominoes], layout_basic
Lair:1:   layout_regular_city, tgw_fedhas
Lair:2:   layout_small_grid, minmay_shoals_entry_hut

Skill      XL: |  1  2  3  4  5  6  7  8  9 10 11 |
---------------+----------------------------------+-----
Axes           | 2 3 4 5 6 7 8 |  8.5
Armour         | 2 3 4 5 7 8 |  8.0
Dodging        | 1 2 3 |  3.4
Shields        | 1 2 3 4 5 6 |  6.4
Invocations    | 3 5 6 7 9 |  9.6
Fighting       | 4 5 6 |  6.6
Throwing       | 1 |  1.4
Evocations     | 1 |  1.1

Action                   |  1- 3 |  4- 6 |  7- 9 | 10-12 || total
-------------------------+-------+-------+-------+-------++-------
Melee: Hand axe          |    82 |   192 |   428 |   541 ||  1243
       Kick              |    10 |    55 |   106 |   190 ||   361
       Unarmed           |       |       |    18 |       ||    18
Throw: Boomerang         |       |       |     4 |    19 ||    23
Invok: Depart the Abyss  |     1 |       |       |       ||     1
       Banish            |       |       |     6 |    15 ||    21
       Bend Space        |       |       |     5 |       ||     5
Evoke: Wand              |       |       |     6 |     9 ||    15
  Use: Scroll            |     3 |     6 |    10 |    12 ||    31
       Potion            |       |     3 |     6 |     2 ||    11
  Eat: Chunk             |       |     6 |    18 |    19 ||    43
       Ration            |       |       |     1 |     2 ||     3
Armor: Leather armour    |    23 |       |       |       ||    23
       Scale mail        |    22 |    85 |   155 |   164 ||   426
       Skin              |       |       |    27 |       ||    27
       Ring mail         |       |       |       |    36 ||    36
Dodge: Dodged            |    26 |    66 |   183 |   176 ||   451
Block: Buckler           |    16 |    39 |   195 |   248 ||   498
       Reflection        |       |       |    17 |    12 ||    29

Table legend:
 A = Non-vault XP
 B = Vault XP
 C = Vault XP percentage of total XP
 D = Non-vault monster count
 E = Vault monster count
 F = Vault count percentage of total count
                 A         B        C        D         E       F
            +---------+---------+-------+---------+---------+-------
      Total |   12224 |   10048 |  45.1 |     206 |     120 |  36.8
            +---------+---------+-------+---------+---------+-------
        D:1 |      33 |       0 |   0.0 |      20 |       0 |   0.0
        D:2 |     226 |       0 |   0.0 |      21 |       0 |   0.0
        D:3 |     112 |      20 |  15.2 |      18 |       5 |  21.7
        D:4 |     213 |    1041 |  83.0 |      15 |       4 |  21.1
        D:5 |     675 |      36 |   5.1 |      14 |       1 |   6.7
        D:6 |     727 |       0 |   0.0 |      17 |       0 |   0.0
        D:7 |     688 |       0 |   0.0 |      17 |       0 |   0.0
        D:8 |     736 |     818 |  52.6 |      16 |      22 |  57.9
        D:9 |    1423 |     187 |  11.6 |      11 |       1 |   8.3
       D:10 |    1813 |    2648 |  59.4 |      20 |       9 |  31.0
       D:11 |    2816 |    5022 |  64.1 |      22 |      26 |  54.2
     Lair:1 |    2389 |       0 |   0.0 |      11 |       0 |   0.0
     Lair:2 |     373 |       0 |   0.0 |       4 |       0 |   0.0
      Sewer |       0 |     276 | 100.0 |       0 |      52 | 100.0
            +---------+---------+-------+---------+---------+-------
